 Dungeon Crawl Stone Soup version 0.31-a0-1611-g890cdf5628 (console) character file.

Game seed: 16938655830295090520

911148 Banquo the Smokeless Flame (level 27, 0/228 HPs)
             Began as a Djinni Air Elementalist on Jan 9, 2024.
             Was the Champion of the Shining One.
             Killed by arc of chain lightning (7 damage)
             ... on level 1 of the Tomb of the Ancients on Jan 17, 2024.
             The game lasted 08:17:13 (90716 turns).

Banquo the Smokeless Flame (DjAE)                  Turns: 90716, Time: 08:17:16

Health: 0/228      AC: 23    Str: 16    XL:     27
Gold:   10086      EV: 30    Int: 29    God:    the Shining One [******] SH: 48 Dex: 21

rFire   + + +        a - staff "Haorroeq" {rElec rF+ Str+3 Dex+2 Stlth+ Air}
rCold   + + .        i - +8 tower shield {AC+3}
rNeg    + + +        d - +3 troll leather armour
rPois   ∞            h - +2 helmet {Int+3}
rElec   +            e - +4 dragonskin cloak
rCorr   .            g - +0 pair of fencer's gloves {Riposte Dex+3}
SInv    +            (boots unavailable)
Will    ++...        k - amulet "Umymirrupo" {+Inv rF+ Regen+}
Stlth   +            R - ring "Asugubao" {Fly rPois rC+ Str+6 SInv}
HPRegen 2.18/turn    C - ring of the Resonant God {rPois rC++ Int-3}
MPRegen 0.00/turn

%: infuse magic (-1 HP)
@: divinely shielded, flying, slowed, glowing, studying 6 skills, very slow
A: sickness immunity, fire resistance 2, cold vulnerability 1, float, innate
caster, HP casting, extra vitality 1
}: 4/15 runes: decaying, serpentine, slimy, silver
a: Renounce Religion, Evoke Invisibility, Divine Shield, Cleansing Flame, Summon
Divine Warrior, Brand Weapon With Holy Wrath


You were on level 1 of the Tomb of the Ancients.
You worshipped the Shining One.
The Shining One was exalted by your worship.
You visited 13 branches of the dungeon, and saw 58 of its levels.
You completed 1 ziggurat, and saw 27 of its levels.
You also visited: Trove, Ossuary, Bailey, Ice Cave and Wizlab.

You collected 13968 gold pieces.
You spent 3882 gold pieces at shops.

Inventory:

Hand Weapons
 b - the +0 war axe "Fouluqin" {freeze, rElec rN+ Will++ Stlth+}
   (You bought it in a shop on level 2 of the Orcish Mines)

   rElec:     It insulates you from electricity.
   rN+:       It protects you from negative energy.
   Will++:    It greatly increases your willpower.
   Stlth+:    It makes you more stealthy.
 j - the +8 war axe of the Salmon {freeze, rN+++ Str+6 SInv}
   (You found it on level 9 of a ziggurat)

   Str+6:     It affects your strength (+6).
   rN+++:     It renders you almost immune to negative energy.
   SInv:      It lets you see invisible.
 F - the +10 zealot's sword {holy, Zealotry, *Rage rN+ EV+3}
   (You found it on level 3 of the Depths)

   Zealotry:  Whenever the wielder enters a berserk rage, their allies are
   berserked alongside them.
   EV+3:      It affects your evasion (+3).
   rN+:       It protects you from negative energy.
   *Rage:     It berserks you when you make melee attacks (+20% chance).
 S - the +10 war axe of the Disturbing Visions {flame, Int+3}
   (You found it on level 26 of a ziggurat)

   Int+3:     It affects your intelligence (+3).
Armour
 d - a +3 troll leather armour (worn)
 e - the +4 dragonskin cloak (worn)
   (You took it off Tiamat on level 2 of the Realm of Zot)

   Avatar's Aegis: It grants the wearer a chance to resist fire, cold, poison,
   electricity, acid, and negative energy.
 g - the +0 pair of fencer's gloves (worn) {Riposte Dex+3}
   (You took it off Nikola on level 2 of the Snake Pit)

   Riposte:   It allows the wearer to riposte with melee weapons, swiftly
   retaliating against missed or blocked melee attacks.
   Dex+3:     It affects your dexterity (+3).
 h - a +2 helmet of intelligence (worn)
 i - a +8 tower shield of protection (worn)
Magical Staves
 a - the staff "Haorroeq" (weapon) {rElec rF+ Str+3 Dex+2 Stlth+ Air}
   (You found it on level 12 of a ziggurat)

   [staff of air]

   Base accuracy: +5 Base damage: 5 Base attack delay: 1.2 This weapon's minimum
   attack delay (0.6) is reached at skill level 12.
   Str+3:     It affects your strength (+3).
   Dex+2:     It affects your dexterity (+2).
   rF+:       It protects you from fire.
   rElec:     It insulates you from electricity.
   Stlth+:    It makes you more stealthy.
   Air:       It increases the power of your Air spells.
   It falls into the 'Staves' category.
   It is a one-handed weapon.
 v - the staff of the Ghost {rF+ rC+ Int+2 SInv Fire}
   (You found it on level 4 of a ziggurat)

   [staff of fire]

   Base accuracy: +5 Base damage: 5 Base attack delay: 1.2 This weapon's minimum
   attack delay (0.6) is reached at skill level 12.
   Int+2:     It affects your intelligence (+2).
   rF+:       It protects you from fire.
   rC+:       It protects you from cold.
   SInv:      It lets you see invisible.
   Fire:      It increases the power of your Fire spells.
   It falls into the 'Staves' category.
   It is a one-handed weapon.
Jewellery
 k - the amulet "Umymirrupo" (around neck) {+Inv rF+ Regen+}
   (You found it on level 20 of a ziggurat)

   [amulet of regeneration]

   rF+:       It protects you from fire.
   +Inv:      It lets you turn invisible.
   Regen+:    It increases your rate of health regeneration.
 B - the ring of the Elephant {+Blink rN+ rCorr}
   (You took it off a spriggan druid on level 2 of the Swamp)

   [ring of positive energy]

   rN+:       It protects you from negative energy.
   +Blink:    It lets you blink.
   rCorr:     It protects you from acid and corrosion.
 C - the ring of the Resonant God (right hand) {rPois rC++ Int-3}
   (You found it in an ice cave)

   [ring of poison resistance]

   Int-3:     It affects your intelligence (-3).
   rC++:      It greatly protects you from cold.
   rPois:     It protects you from poison
 R - the ring "Asugubao" (left hand) {Fly rPois rC+ Str+6 SInv}
   (You found it on level 19 of a ziggurat)

   [ring of strength]

   Str+6:     It affects your strength (+6).
   rC+:       It protects you from cold.
   rPois:     It protects you from poison SInv: It lets you see invisible.
   Fly:       It grants you flight.
 U - the ring "Fode" {Ice rElec SInv}
   (You found it on level 21 of a ziggurat)

   [ring of ice]

   Ice:       It enhances your ice magic.
   rF-:       It makes you vulnerable to fire.
   rC+:       It protects you from cold.
   rElec:     It insulates you from electricity.
   SInv:      It lets you see invisible.
 W - a ring of wizardry
Wands
 c - a wand of roots (144)
 y - a wand of light (107)
 D - a wand of digging (43)
 T - a wand of mindburst (25)
Scrolls
 f - 14 scrolls of blinking
 m - 29 scrolls of revelation
 n - 13 scrolls of immolation
 r - a scroll of silence
 t - 29 scrolls of fog
 x - 8 scrolls of fear
 H - a scroll of summoning
 X - 39 scrolls of teleportation
Potions
 l - 11 potions of cancellation
 o - 11 potions of might
 p - 45 potions of curing
 q - 8 potions of berserk rage
 s - 17 potions of ambrosia
 E - 11 potions of brilliance
 G - 5 potions of resistance
 L - 11 potions of enlightenment
 M - 7 potions of haste
 N - 26 potions of heal wounds


   Skills:
 O Level 27 Fighting
 - Level 12.0 Long Blades
 - Level 14.0 Axes
 * Level 18.9 Armour
 - Level 24.0 Dodging
 - Level 1.5 Stealth
 O Level 27 Shields
 O Level 27 Spellcasting
 O Level 27 Conjurations
 O Level 27 Hexes
 O Level 27 Summonings
 O Level 27 Necromancy
 O Level 27 Translocations
 O Level 27 Fire Magic
 O Level 27 Ice Magic
 O Level 27 Air Magic
 O Level 27 Earth Magic
 O Level 27 Alchemy
 - Level 18.7 Invocations
 - Level 15.0 Evocations


You knew the following spells:

 Your Spells              Type           Power      Damage    Failure   Level
a - Airstrike             Air            69%        2d(10-26) 0%          4
b - Volatile Blastmotes   Fire/Tloc      100%       2d18      0%          3
d - Static Discharge      Conj/Air       100%       3-8/arc   0%          2
e - Enfeeble              Hex            57%        N/A       0%          7
f - Momentum Strike       Conj/Tloc      100%       3d10      0%          2
g - Spellforged Servitor  Conj/Summ      57%        N/A       0%          7
h - Bombard               Conj/Erth      57%        9d9       0%          6
j - Chain Lightning       Conj/Air       69%        3d92      1%          9
l - Lehudib's Crystal Sp  Conj/Erth      57%        10d13     1%          8
p - Shock                 Conj/Air       100%       1d9       0%          1
s - Sticky Flame          Fire/Alch      100%       2d15      0%          4
z - Plasma Beam           Fire/Air       69%        2x1d86    0%          6
A - Anguish               Hex/Necr       57%        N/A       0%          4
C - Dragon's Call         Summ           57%        N/A       1%          9
I - Kiss of Death         Conj/Necr      100%       2d13      0%          1
M - Swiftness             Air            100%       N/A       0%          3
P - Curse of Agony        Necr           100%       N/A       0%          5
Your spell library was empty.

Dungeon Overview and Level Annotations

Branches:
Dungeon (15/15)            Temple (1/1) D:5            Lair (5/5) D:10
  Swamp (4/4) Lair:3        Snake (4/4) Lair:2        Slime (5/5) Lair:5
    Orc (2/2) D:9             Elf (3/3) Orc:2        Vaults (5/5) D:14
  Crypt (3/3) Vaults:2       Tomb (2/3) Crypt:3      Depths (4/4) D:15
    Zot (5/5) Depths:4    Ossuary (visited)          Bailey (visited)
  IceCv (visited)          WizLab (visited)

Altars:
Ashenzari
Cheibriados
Dithmenos
Elyvilon
Fedhas
Gozag
Hepliaklqana
Makhleb
Nemelex Xobeh
Okawaru
Qazlal
Ru
Trog
Uskayaw
Wu Jian
Xom
Yredelemnul
Zin
The Shining One
Jiyva

Shops:
D:8 !   D:15 ?   Orc:2 [=(*   Elf:2 !   Elf:3 =?   Snake:1 [   Snake:3 :
Vaults:2 (   Depths:1 ::=   Depths:2 *

Portals:
Hell: Depths:1 Depths:2 Depths:3 Depths:4
Abyss: Depths:3 Depths:4
Pandemonium: Depths:2


Innate Abilities, Weirdness & Mutations

You are immune to sickness and miasma.
You are immune to poison.
Your flesh is very heat resistant. (rF++)
You are vulnerable to cold. (rC-)
You float through the air rather than walking.
You learn spells naturally, not from books.
Your magical power is your life essence.
You have superior vitality. (+4 MHP)


Message History

Unknown command.
Casting: Chain Lightning (mildly dangerous; 1% risk of failure)
Confirm with . or Enter, or press ? or * to list all spells.
You feel a surge of power! Lightning arcs from your hands!
The bolt of lightning hits the royal mummy!!!!
The royal mummy resists.
You destroy the royal mummy!
The Shining One accepts your kill.
You feel better. The bolt of lightning hits you.
* * * LOW HITPOINT WARNING * * *
The bolt of lightning hits the emperor scorpion!!!
The emperor scorpion is heavily wounded.
The bolt of lightning hits the royal mummy!!
The royal mummy resists.
The royal mummy is lightly damaged.
The bolt of lightning hits the emperor scorpion!!!
The emperor scorpion is severely wounded.
The bolt of lightning hits the emperor scorpion!!!
The emperor scorpion is severely wounded.
The bolt of lightning hits the royal mummy!!
The royal mummy resists.
You destroy the royal mummy!
The Shining One accepts your kill.
The emperor scorpion disappears in a puff of smoke! x4
* * * LOW HITPOINT WARNING * * *
You feel extremely nervous for a moment...
Pain shoots through your body!!
* * * LOW HITPOINT WARNING * * *
You feel extremely nervous for a moment...
You feel horribly lethargic.
You feel as though you will be slow longer.
Unknown command.
Casting: Chain Lightning (mildly dangerous; 1% risk of failure)
Confirm with . or Enter, or press ? or * to list all spells.
You feel a surge of power! Lightning arcs from your hands!
The bolt of lightning hits the royal mummy!!!!
The royal mummy resists.
The royal mummy is heavily damaged.
The bolt of lightning hits you! You resist.
You die...

.................................
.....8...8.......................
.................................
####.......##################....
#.8...8.# *######*****#....
#.......# ##...^.,**,,*#.... *
#.......# ##§...,,,,*,,*#.... **
#)8...8.# ##..§###*,,,,,*#....
,**#.......#*#.§@#...#*,,,,*#...÷
,,*#.......##...#.$...##,,,*#....
,,*#.8...8.##>.#.M.....#*,,*#....
,,*#.......##^..#.....##^,,*#....
,**#.......###,..#...##,,,,*#....
** #.8...8.# **.M.####,,,,,*#....
* #.......# *#.,,,,^,,*,^*#....
##'''''## #*,,,^,,**,,*#....
####.......##############,,*#....


You could see a royal mummy.

Vanquished Creatures
  5 pandemonium lords (Zig:18)
  the Royal Jelly (Slime:5)
  Tiamat (Zot:2)
  8 dread liches
  7 ancient liches
  Frederick (Vaults:3)
  6 orbs of fire (Zot:5)
  3 juggernauts
  Mara (Swamp:3)
  15 royal mummies
  Sojobo (Crypt:3)
  9 Killer Klowns
  Saint Roka (Vaults:2)
  Bai Suzhen (Swamp:3)
  A curse toe (Zig:3)
  13 caustic shrikes
  Nikola (Snake:2)
  17 golden dragons
  Jory (Crypt:3)
  6 bone dragons
  2 profane servitors
  13 hellephants
  4 Brimstone Fiends
  Rupert (D:13)
  2 iron giants (Zig:9)
  14 tentacled monstrosities
  5 electric golems
  Zenata (Crypt:2)
  A walking crystal tome (Depths:3)
  11 liches
  2 walking earthen tomes (Depths:3)
  A Hell Sentinel (Zig:9)
  Mlioglotl (Snake:2)
  An Ice Fiend (Zig:10)
  Asterion (Vaults:2)
  15 quicksilver dragons
  2 walking divine tomes
  2 deep elf master archers
  21 acid blobs
  5 deep elf blademasters
  25 Orb Guardians (Zot:5)
  9 titans
  15 sphinxes
  9 ancient champions
  9 searing wretches
  2 quicksilver dragons (shapeshifter) (Zig:18)
  6 Executioners
  Frances (D:12)
  Agnes (Snake:1)
  11 death cobs
  2 thorn hunters
  2 sphinxes (shapeshifter) (Zig:18)
  8 tentacled starspawn (Zig:26)
  The ghost of Antoec the Unseen, an adept VSBr of Sif Muna (Vaults:4)
  Donald (Crypt:2)
  9 tengu reavers
  9 shadow dragons
  11 revenants
  Aizul (Snake:2)
  16 storm dragons
  A daeva (Zig:26)
  12 fire giants
  3 quicksilver elementals (Zig:9)
  Roxanne (Swamp:3)
  4 fenstrider witches
  A storm dragon (shapeshifter) (Zig:18)
  12 azure jellies
  17 rockslimes
  16 draconian monks
  A fenstrider witch (shapeshifter) (Zig:5)
  28 nagarajas
  12 frost giants
  5 deep elf sorcerers
  9 draconian knights
  21 draconian scorchers
  11 protean progenitors
  25 ghost moths
  3 iron dragons
  7 emperor scorpions
  12 vault wardens
  A nargun (Zig:10)
  8 curse skulls
  17 draconian shifters
  9 draconian stormcallers
  9 deep elf elementalists
  18 draconian annihilators
  9 ghouls
  3 reapers
  21 ironbound preservers
  10 cacodemons
  3 broodmothers
  5 spriggan defenders
  4 orc warlords
  20 balrugs
  9 ironbound thunderhulks
  20 quicksilver oozes
  5 eleionomae
  17 green draconians
  6 formless jellyfish
  16 deep elf demonologists
  A juggernaut skeleton (Zig:7)
  A caustic shrike skeleton (Depths:1)
  15 black draconians
  23 very ugly things
  15 stone giants
  15 vampire knights
  19 deep elf annihilators
  19 dire elephants
  12 white draconians
  22 purple draconians
  10 deep elf death magi
  4 war gargoyles
  10 starcursed masses (Zig:26)
  8 wendigos (Zig:10)
  10 red draconians
  Azrael (Snake:2)
  9 spark wasps
  5 bunyips
  9 yellow draconians
  7 eidola
  2 bennus (Tomb:1)
  6 merfolk impalers
  13 mummy priests
  14 ettins
  4 merfolk javelineers
  An iron golem (Zig:9)
  3 orange crystal statues
  The ghost of jasper the Grappler, a journeyman TrCA of Ignis (D:10)
  14 entropy weavers
  7 fire dragons
  13 green deaths
  19 jiangshi
  8 blizzard demons
  9 deep elf high priests
  A crystal guardian (Zig:26)
  Josephine (Orc:2)
  The ghost of Teolusk the Martial Artist, a journeyman DsMo of Hepliaklqana (D:14)
  2 shambling mangroves (Zig:12)
  17 yaktaur captains
  18 salamander tyrants
  22 great orbs of eyes
  8 ice dragons
  25 hydras
  3 peacekeepers
  10 rakshasas
  An alligator snapping turtle (Zig:16)
  2 ogre magi
  3 spriggan air magi
  2 ghost crabs (Swamp:2)
  6 radroaches
  17 anacondas
  A juggernaut simulacrum (Crypt:3)
  49 vault guards
  14 alligators
  A hell beast (Depths:2)
  4 merfolk avatars
  9 ironbound frosthearts
  A catoblepas (shapeshifter) (Zig:5)
  5 death knights
  10 boulder beetles
  A jorogumo (Zot:1)
  6 merfolk aquamancers
  A satyr (Zig:16)
  5 catoblepae
  7 two-headed ogres
  10 centaur warriors
  41 dancing weapons
  2 nameless horrors (Vaults:3)
  15 death scarabs
  11 death yaks
  12 naga warriors
  2 tengu warriors (Depths:2)
  6 deep troll earth magi
  8 deep troll shamans
  9 vampire magi
  A spriggan berserker (Depths:2)
  8 demonic crawlers
  9 orc high priests
  3 hell hogs (Zig:19)
  7 thrashing horrors (Zig:26)
  13 shock serpents
  15 hell knights
  3 soul eaters
  Sonja (D:10)
  28 naga sharpshooters
  3 occultists
  A spectral naga (Crypt:3)
  3 wretched stars (Zig:26)
  A crystal echidna (Zig:9)
  29 deep elf knights
  4 skysharks (shapeshifter)
  A shock serpent (shapeshifter) (Vaults:3)
  40 skeletal warriors
  A titan skeleton (Tomb:2)
  Nergalle (Lair:1)
  4 salamander mystics (Snake:4)
  An iron troll (shapeshifter) (Zig:18)
  5 iron trolls
  8 skysharks
  13 pharaoh ants
  8 shadow wraiths
  16 swamp dragons
  7 sea snakes
  2 spatial maelstroms (Zig:26)
  A sea snake (shapeshifter) (Zig:5)
  A storm dragon skeleton (Crypt:1)
  A golden dragon zombie (Depths:1)
  A shadow demon (Zig:26)
  2 sun moths (Zig:27)
  A glowing orange brain (shapeshifter) (Depths:2)
  5 arcanists
  19 mana vipers
  2 mana vipers (shapeshifter)
  3 goliath frogs
  5 orb spiders
  An anaconda zombie (Tomb:1)
  11 flayed ghosts
  9 spriggan druids
  43 deep trolls
  12 large abominations
  4 lindwurms
  12 naga ritualists
  2 obsidian statues (Zig:21)
  4 glowing orange brains
  6 bog bodies
  16 deep elf archers
  22 ironbound convokers
  2 steelbarb worms (Zig:27)
  A golden dragon skeleton (Crypt:1)
  10 phantasmal warriors
  14 orc knights
  12 harpies
  42 deep elf zephyrmancers
  6 necromancers
  2 orc sorcerers
  A shadow dragon skeleton (Zig:7)
  A shadow dragon zombie (Zig:7)
  42 deep elf pyromancers
  A wolf spider zombie (D:15)
  10 shining eyes
  A faun (Zig:18)
  A frost giant zombie (Crypt:1)
  31 ugly things
  5 oklob plants
  9 wolf spiders
  6 will-o-the-wisps
  17 manticores
  8 cyclopes
  A faun (shapeshifter) (Zig:18)
  30 moths of wrath
  10 elephants
  6 meliai
  24 salamanders
  An ice statue (IceCv)
  14 guardian serpents
  6 merfolk sirens
  2 human skeletons (Vaults:3)
  A meliai (shapeshifter) (D:14)
  A guardian serpent (shapeshifter) (Vaults:5)
  A black mamba (shapeshifter) (Zig:22)
  4 apocalypse crabs
  Joseph (D:7)
  2 centaur zombies
  3 kobold blastminers
  A fire giant skeleton (Crypt:2)
  58 black mambas
  14 torpor snails
  12 water nymphs
  19 vault sentinels
  A titan simulacrum (Zig:10)
  17 naga magi
  An eye of devastation (Slime:3)
  A water nymph (shapeshifter) (Zig:18)
  Maggie (D:8)
  2 gargoyles
  11 smoke demons
  2 centaur skeletons
  14 komodo dragons
  4 rime drakes
  14 cane toads
  14 yaktaurs
  7 hellions
  A bunyip simulacrum (Crypt:3)
  5 ancient zymes (Zig:26)
  An efreet (D:14)
  2 ice devils (Lair:2)
  A spriggan zombie (Depths:1)
  Psyche (D:12)
  An anaconda simulacrum (IceCv)
  6 freezing wraiths
  2 yaktaur skeletons
  A grey draconian skeleton (Crypt:1)
  3 tormentors (Zig:19)
  An unseen horror skeleton (Crypt:2)
  A human zombie (Vaults:3)
  8 tengu conjurers
  19 guardian mummies
  14 trolls
  4 bloated husks
  5 wind drakes
  3 queen bees
  A queen bee (shapeshifter) (Elf:3)
  A troll (shapeshifter) (Zig:18)
  A merfolk (shapeshifter) (Elf:2)
  9 merfolk
  7 polar bears
  A hellwing (Crypt:3)
  8 tyrant leeches
  A polar bear (shapeshifter) (D:15)
  A wind drake (shapeshifter) (Depths:3)
  20 blink frogs
  12 tarantellas
  2 harpy skeletons
  27 hornets
  2 snapping turtles
  5 dream sheep
  2 raiju (Zig:26)
  3 glass eyes
  A snapping turtle (shapeshifter) (Zig:22)
  139 slime creatures
  9 culicivoras
  4 jumping spiders
  3 shadows
  16 water elementals
  A satyr skeleton (Crypt:2)
  A centaur simulacrum (Tomb:1)
  An ettin skeleton (Depths:1)
  24 spriggans
  5 ynoxinuls (Zig:26)
  4 wyverns
  21 wraiths
  6 air elementals
  10 basilisks
  4 vampires
  A fire dragon skeleton (Crypt:1)
  8 ushabtiu
  2 fire elementals (Snake:2)
  19 golden eyes
  48 yaks
  A slime creature zombie (Crypt:2)
  6 vampire mosquitoes
  8 wargs
  A death yak simulacrum (IceCv)
  4 neqoxecs (Zig:26)
  A redback (shapeshifter) (D:13)
  12 redbacks
  2 steam dragons
  3 acid dragons
  21 swamp worms
  3 chaos spawn
  A fire bat zombie (Crypt:2)
  47 nagas
  2 hydra simulacra (IceCv)
  22 water moccasins
  Duvessa (D:7)
  8 hell hounds
  A naga skeleton (Tomb:1)
  62 orc warriors
  10 swamp drakes
  7 black bears
  2 ice beasts
  A sky beast (D:6)
  20 ogres
  23 laughing skulls
  4 boggarts (Lair:5)
  A lindwurm zombie (Crypt:1)
  40 wolves
  14 centaurs
  A manticore skeleton (Crypt:1)
  A phantom (D:5)
  4 elf zombies (Elf:1)
  A weeping skull (Ossuary)
  13 bullfrogs
  4 kobold brigands
  3 earth elementals
  4 necrophages (Crypt:3)
  A warg zombie (Crypt:2)
  3 scorpions
  4 small abominations (Crypt:3)
  4 water moccasin zombies (Ossuary)
  A cane toad simulacrum (IceCv)
  7 two-headed ogre simulacra (IceCv)
  4 burial acolytes (Crypt:3)
  A warg skeleton (Crypt:1)
  10 wights
  Dowan (D:7)
  2 elephant simulacra (IceCv)
  2 human simulacra (Vaults:3)
  61 killer bees
  An electric eel (Lair:2)
  5 howler monkeys
  6 crimson imps
  2 bombardier beetles (D:4)
  A hound (D:5)
  3 jellies
  An iguana (D:6)
  22 orc priests
  A sleepcap (D:7)
  Crazy Yiuf (D:7)
  6 hell rats
  22 orc wizards
  3 polar bear simulacra (IceCv)
  7 spriggan simulacra (IceCv)
  6 troll simulacra (IceCv)
  4 wolf simulacra (IceCv)
  A sky beast zombie (Crypt:1)
  A bullfrog simulacrum (Ossuary)
  A crocodile zombie (Ossuary)
  40 mummies
  Robin (D:3)
  9 gnolls
  8 adders
  4 naga simulacra (IceCv)
  9 river rats (Lair:3)
  6 white imps
  7 ufetubi
  3 adder zombies (Ossuary)
  2 dart slugs
  A ribbon worm (D:2)
  83 orcs
  5 ball pythons
  9 bats
  8 endoplasms
  7 gnoll zombies (Ossuary)
  14 goblins
  16 hobgoblins
  5 jackals
  6 quokkas
  A ball python skeleton (Crypt:1)
  2 frilled lizards (D:1)
  A frilled lizard skeleton (Crypt:2)
  A goblin skeleton (Crypt:2)
  2 jackal zombies (Ossuary)
  23 kobolds
  2 orc zombies (Ossuary)
  4 rats
  15 aspiring fleshes
  2 starspawn tentacles (Zig:26)
3761 creatures vanquished.

Vanquished Creatures (collateral kills)
  An orb of fire (Zot:5)
  A golden dragon (Zot:3)
  2 quicksilver dragons
  4 shadow dragons
  An azure jelly (Slime:1)
  A rockslime (Slime:1)
  A protean progenitor (Zot:1)
  A fenstrider witch (Swamp:1)
  A draconian monk (Zot:3)
  A draconian shifter (Zot:3)
  A deep elf sorcerer (Vaults:3)
  A draconian scorcher (Zot:1)
  2 vault wardens (Vaults:3)
  An ironbound preserver (Vaults:3)
  2 ironbound thunderhulks
  A white draconian (Zot:1)
  2 yellow draconians
  2 fire dragons (Zot:2)
  An alligator (Swamp:1)
  A jorogumo (Zot:1)
  2 dancing weapons (Elf:2)
  2 hell knights (Vaults:4)
  2 deep elf knights (Elf:2)
  An iron troll (Depths:1)
  A shining eye (shapeshifter) (Vaults:4)
  3 swamp dragons
  An ugly thing (Zot:1)
  A deep elf zephyrmancer (Elf:2)
  An ironbound convoker (Vaults:3)
  2 moths of wrath
  4 vault sentinels
  A tyrant leech (Swamp:1)
  3 dream sheep (Zot:1)
  16 slime creatures (Slime:1)
  A golden eye (Slime:1)
69 creatures vanquished.

Vanquished Creatures (others)
  An orb of fire (Zot:3)
  A yellow draconian (Zot:3)
  A white draconian (Zot:1)
  A purple draconian (Zot:1)
  A deep troll shaman (Depths:1)
  An iron troll (Depths:1)
  A spriggan druid (Swamp:1)
  A slime creature (D:14)
  A glowing shapeshifter simulacrum (Zig:10)
  A kobold (D:6)
  4 foxfires (Swamp:2)
  6 starspawn tentacles (Zig:26)
20 creatures vanquished.

Grand Total: 3850 creatures vanquished

Notes
Turn   | Place    | Note
-------+----------+-------------------------------------------
     0 | D:1      | Banquo the Djinni Air Elementalist began the quest for the
                  | Orb.
     0 | D:1      | Banquo set off with the following spells memorised: Shock,
                  | Static Discharge, Swiftness, Airstrike.
     0 | D:1      | Reached XP level 1. HP: 15/15 MP: 0/0
   197 | D:1      | Reached XP level 2. HP: 16/22 MP: 0/0
   258 | D:1      | Reached skill level 1 in Fighting
   279 | D:1      | Reached XP level 3. HP: 18/27 MP: 0/0
   279 | D:1      | Learned a level 1 spell: Kiss of Death
  1479 | D:2      | Reached XP level 4. HP: 29/33 MP: 0/0
  1855 | D:2      | Found a faded altar of an unknown god.
  1869 | D:2      | Found a faded altar of an unknown god.
  1980 | D:2      | Found a bloodstained altar of Trog.
  2328 | D:3      | Noticed Robin
  2348 | D:3      | Killed Robin
  2349 | D:3      | Reached XP level 5. HP: 36/39 MP: 0/0
  2349 | D:3      | Learned a level 2 spell: Momentum Strike
  2951 | D:3      | Identified the amulet "Xoankiaf" {+Inv Regen+}
  3019 | D:3      | Reached XP level 6. HP: 46/46 MP: 0/0
  4146 | D:4      | Noticed a black bear
  4326 | D:4      | Killed a black bear
  4327 | D:4      | Reached skill level 5 in Spellcasting
  4327 | D:4      | Reached skill level 5 in Conjurations
  4327 | D:4      | Reached skill level 5 in Hexes
  4327 | D:4      | Reached skill level 5 in Summonings
  4327 | D:4      | Reached skill level 5 in Necromancy
  4327 | D:4      | Reached skill level 5 in Translocations
  4327 | D:4      | Reached skill level 5 in Fire Magic
  4327 | D:4      | Reached skill level 5 in Ice Magic
  4327 | D:4      | Reached skill level 5 in Air Magic
  4327 | D:4      | Reached skill level 5 in Earth Magic
  4327 | D:4      | Reached skill level 5 in Alchemy
  4327 | D:4      | Reached XP level 7. HP: 30/52 MP: 0/0
  4327 | D:4      | Learned a level 3 spell: Volatile Blastmotes
  4650 | D:5      | Entered Level 5 of the Dungeon
  4956 | D:5      | Reached skill level 5 in Fighting
  4989 | D:5      | Found a blossoming altar of Fedhas.
  5189 | D:5      | Found a staircase to the Ecumenical Temple.
  5198 | Temple   | Entered the Ecumenical Temple
  5251 | D:5      | Reached XP level 8. HP: 53/59 MP: 0/0
  5491 | D:5      | Found a blossoming altar of Fedhas.
  5662 | D:5      | Found a staircase to the Ecumenical Temple.
  6676 | D:6      | Reached XP level 9. HP: 64/67 MP: 0/0
  6676 | D:6      | Learned a level 4 spell: Sticky Flame
  6759 | D:7      | Reached skill level 5 in Dodging
  6764 | D:7      | Found a flagged portal.
  6774 | Bailey   | Entered a bailey
  7093 | Bailey   | Noticed an orc knight
  7160 | Bailey   | Killed an orc knight
  7207 | Bailey   | Reached XP level 10. HP: 76/76 MP: 0/0
  7303 | D:7      | Found a sand-covered staircase.
  7330 | Ossuary  | Entered an ossuary
  7701 | D:7      | Identified the +1 long sword "Tikk" {drain, rElec rF+++ rC-
                  | Dex-3}
  7995 | D:7      | Noticed Duvessa
  7998 | D:7      | Killed Duvessa
  7998 | D:7      | Noticed Dowan
  8000 | D:7      | Killed Dowan
  8038 | D:7      | Noticed Joseph
  8045 | D:7      | Killed Joseph
  8276 | D:7      | Found a runed translucent door.
  8277 | D:7      | Noticed Crazy Yiuf
  8762 | D:8      | Noticed a two-headed ogre
  8777 | D:8      | Killed a two-headed ogre
  8778 | D:8      | Reached skill level 1 in Armour
  8778 | D:8      | Reached skill level 1 in Shields
  8778 | D:8      | Reached skill level 1 in Invocations
  8919 | D:8      | Noticed Maggie
  8970 | D:8      | Reached XP level 11. HP: 57/84 MP: 0/0
  8970 | D:8      | Learned a level 4 spell: Anguish
  9137 | D:8      | Killed Maggie
  9221 | D:8      | Noticed a two-headed ogre
  9228 | D:8      | Killed a two-headed ogre
  9638 | D:8      | Found Codaddeq's Distillery.
  9818 | D:7      | Killed Crazy Yiuf
 10072 | D:9      | Identified the blade talisman of Liberty {rF- Int+5}
 11248 | D:9      | Found a staircase to the Orcish Mines.
 11442 | D:10     | Entered Level 10 of the Dungeon
 11451 | D:10     | Identified a scroll of acquirement
 11895 | D:10     | Noticed Sonja
 11909 | D:10     | Reached XP level 12. HP: 71/91 MP: 0/0
 11910 | D:10     | Killed Sonja
 12010 | D:10     | Found a shimmering altar of Xom.
 12011 | D:10     | Found a burning altar of Makhleb.
 12015 | D:10     | Became a worshipper of Makhleb the Destroyer
 12062 | D:10     | Reached skill level 10 in Fighting
 12275 | D:10     | Found a staircase to the Lair.
 12320 | D:10     | Found a runed translucent gate.
 12320 | D:10     | Found a runed translucent gate.
 12320 | D:10     | Found a runed translucent gate.
 12321 | D:10     | Noticed jasper's ghost (journeyman TrCA)
 12321 | D:10     | Noticed a glowing orange brain
 12569 | D:10     | Found a viscous altar of Jiyva.
 12600 | Lair:1   | Entered Level 1 of the Lair of Beasts
 12661 | Lair:1   | Reached skill level 5 in Invocations
 12730 | Lair:1   | Noticed a four-headed hydra
 12735 | Lair:1   | Killed a four-headed hydra
 12736 | Lair:1   | Reached skill level 10 in Dodging
 12973 | Lair:1   | Noticed Nergalle
 12977 | Lair:1   | Killed Nergalle
 13402 | Lair:1   | Reached skill level 10 in Spellcasting
 13402 | Lair:1   | Reached skill level 10 in Conjurations
 13402 | Lair:1   | Reached skill level 10 in Hexes
 13402 | Lair:1   | Reached skill level 10 in Summonings
 13402 | Lair:1   | Reached skill level 10 in Necromancy
 13402 | Lair:1   | Reached skill level 10 in Translocations
 13402 | Lair:1   | Reached skill level 10 in Fire Magic
 13402 | Lair:1   | Reached skill level 10 in Ice Magic
 13402 | Lair:1   | Reached skill level 10 in Air Magic
 13402 | Lair:1   | Reached skill level 10 in Earth Magic
 13402 | Lair:1   | Reached skill level 10 in Alchemy
 13407 | Lair:1   | Reached * piety under Makhleb
 14221 | Lair:2   | Found a staircase to the Snake Pit.
 14356 | Lair:2   | Reached XP level 13. HP: 91/97 MP: 0/0
 14356 | Lair:2   | Learned a level 5 spell: Curse of Agony
 14568 | Lair:2   | Reached ** piety under Makhleb
 14586 | Lair:2   | Found a frozen archway.
 14597 | IceCv    | Entered an ice cave
 15182 | IceCv    | Reached *** piety under Makhleb
 15396 | IceCv    | Noticed a reaper
 15406 | IceCv    | Killed a reaper
 15451 | IceCv    | Identified the ring of the Resonant God {rPois rC++ Int-3}
 15465 | IceCv    | Identified the +6 sling of Terror {flame, rPois rC- Int+8}
 16146 | Lair:2   | Identified the +9 orcbow of Crawling {drain, rCorr Int+3}
 16844 | Lair:2   | Found a staircase to the Snake Pit.
 17361 | Lair:3   | Reached **** piety under Makhleb
 17480 | Lair:3   | Noticed a six-headed hydra
 17485 | Lair:3   | Killed a six-headed hydra
 17486 | Lair:3   | Noticed a five-headed hydra
 17491 | Lair:3   | Killed a five-headed hydra
 17598 | Lair:3   | Reached XP level 14. HP: 104/106 MP: 0/0
 18032 | Lair:3   | Identified the +1 robe "Doics" {+Blink +Inv Str+3 Dex+2}
 18035 | Lair:3   | Found a staircase to the Swamp.
 18546 | Lair:4   | Reached ***** piety under Makhleb
 18605 | Lair:4   | Reached skill level 5 in Armour
 18605 | Lair:4   | Reached skill level 5 in Shields
 19657 | Lair:5   | Entered Level 5 of the Lair of Beasts
 20111 | Lair:5   | Reached XP level 15. HP: 106/113 MP: 0/0
 20111 | Lair:5   | Learned a level 6 spell: Plasma Beam
 20412 | Lair:5   | Found a viscous altar of Jiyva.
 20424 | Lair:5   | Found a staircase to the Slime Pits.
 21566 | Lair:5   | Identified the staff "Kiudaq" {rPois Dex+3 Stlth- Earth}
 21617 | Lair:5   | Reached ****** piety under Makhleb
 22180 | Lair:5   | Found a viscous altar of Jiyva.
 22182 | Lair:5   | Found a staircase to the Slime Pits.
 23326 | D:11     | Identified the ring "Nuemer" {rPois MP+9 Str+4 Int+4}
 23520 | D:12     | Noticed Psyche
 23521 | D:12     | Killed Psyche
 23621 | D:12     | Noticed Frances
 23625 | D:12     | Killed Frances
 24404 | Orc:1    | Entered Level 1 of the Orcish Mines
 25051 | Orc:2    | Entered Level 2 of the Orcish Mines
 25051 | Orc:2    | Found a staircase to the Elven Halls.
 25114 | Orc:2    | Reached XP level 16. HP: 104/120 MP: 0/0
 25351 | Orc:2    | Noticed Josephine
 25656 | Orc:2    | Killed Josephine
 25976 | Orc:2    | Found Seovyufog's Antique Armour Shoppe.
 26043 | Orc:2    | Found Latuihunn's Antique Weapon Shoppe.
 26056 | Orc:2    | Bought an iridescent war axe for 229 gold pieces
 26056 | Orc:2    | Identified the +0 war axe "Fouluqin" {freeze, rElec rN+
                  | Will++ Stlth+} (You bought it in a shop on level 2 of the
                  | Orcish Mines)
 26062 | Orc:2    | Found Yfoys's Jewellery Emporium.
 26108 | Orc:2    | Found Mirunyon's General Store.
 26116 | Orc:2    | Bought a +2 helmet of see invisible for 344 gold pieces
 26899 | D:13     | Reached skill level 10 in Invocations
 27038 | D:13     | Identified the maw talisman of the Tanner {Int+2}
 27038 | D:13     | Noticed Rupert
 27173 | D:13     | Killed Rupert
 28287 | D:14     | Found a gate to the Vaults.
 28297 | D:14     | Reached XP level 17. HP: 127/127 MP: 0/0
 28297 | D:14     | Learned a level 7 spell: Enfeeble
 28433 | D:14     | Found a portal to a secret trove of treasure.
 28536 | D:14     | Reached skill level 15 in Spellcasting
 28536 | D:14     | Reached skill level 15 in Conjurations
 28536 | D:14     | Reached skill level 15 in Hexes
 28536 | D:14     | Reached skill level 15 in Summonings
 28536 | D:14     | Reached skill level 15 in Necromancy
 28536 | D:14     | Reached skill level 15 in Translocations
 28536 | D:14     | Reached skill level 15 in Fire Magic
 28536 | D:14     | Reached skill level 15 in Ice Magic
 28536 | D:14     | Reached skill level 15 in Air Magic
 28536 | D:14     | Reached skill level 15 in Earth Magic
 28536 | D:14     | Reached skill level 15 in Alchemy
 28583 | D:14     | Found a transporter.
 28593 | D:14     | Found a transporter.
 28707 | D:14     | Noticed Teolusk's ghost (journeyman DsMo)
 29097 | D:10     | Acquired 553 gold pieces
 29132 | D:10     | Killed jasper's ghost
 29523 | D:14     | Killed Teolusk's ghost
 29579 | D:15     | Entered Level 15 of the Dungeon
 30362 | D:15     | Found a staircase to the Depths.
 30493 | D:15     | Found The Oracle's Delphic Readings.
 30753 | D:15     | Identified the serpent talisman of the Hanged Man {Int+2}
 31019 | Snake:1  | Entered Level 1 of the Snake Pit
 31054 | Snake:1  | Noticed Agnes
 31060 | Snake:1  | Killed Agnes
 31440 | Snake:1  | Reached XP level 18. HP: 125/136 MP: 0/0
 31472 | Snake:1  | Found Zidim's Antique Armour Shoppe.
 32274 | Snake:2  | Noticed Nikola
 32279 | Snake:2  | Killed Nikola
 32280 | Snake:2  | Reached skill level 10 in Shields
 32691 | Snake:2  | Noticed Azrael
 32699 | Snake:2  | Killed Azrael
 32701 | Snake:2  | Noticed Mlioglotl
 32704 | Snake:2  | Killed Mlioglotl
 32966 | Snake:2  | Reached skill level 15 in Fighting
 33326 | Snake:3  | Identified the serpent talisman of an ossuary {rF- Will+
                  | Str+5 SInv}
 33326 | Snake:3  | Noticed Aizul
 33336 | Snake:2  | Killed Aizul
 33462 | Snake:3  | Identified the +4 quarterstaff of War {flame, Str-2 Int+4
                  | SInv}
 34174 | Snake:3  | Found Toneprow's Book Boutique.
 34638 | Snake:3  | Found Toneprow's Book Boutique.
 35271 | Snake:4  | Entered Level 4 of the Snake Pit
 35421 | Snake:4  | Reached XP level 19. HP: 126/143 MP: 0/0
 35421 | Snake:4  | Learned a level 6 spell: Bombard
 36481 | Snake:4  | Identified the +3 chain mail "Lyexzid" {Rampage rC- Regen+
                  | Slay+4}
 37652 | Snake:4  | Got a serpentine rune of Zot
 39213 | Swamp:1  | Entered Level 1 of the Swamp
 39918 | Swamp:1  | Reached XP level 20. HP: 153/153 MP: 0/0
 40157 | Swamp:2  | Identified the ring of the Elephant {+Blink rN+ rCorr}
 41059 | Swamp:3  | Noticed Mara
 41075 | Swamp:3  | Killed Mara
 41096 | Swamp:3  | Noticed Bai Suzhen
 41154 | Swamp:3  | Killed Bai Suzhen
 41440 | Swamp:3  | Noticed Roxanne
 41478 | Swamp:3  | Killed Roxanne
 41797 | Swamp:4  | Entered Level 4 of the Swamp
 42346 | Swamp:4  | Reached skill level 15 in Invocations
 43116 | Swamp:4  | Got a decaying rune of Zot
 43816 | Elf:1    | Entered Level 1 of the Elven Halls
 43978 | Elf:1    | Reached XP level 21. HP: 159/160 MP: 0/0
 43978 | Elf:1    | Learned a level 8 spell: Lehudib's Crystal Spear
 45389 | Elf:2    | Found Iwuenkia's Distillery.
 45400 | Elf:2    | Bought a potion of experience for 850 gold pieces
 45451 | Elf:2    | Found a runed translucent gate.
 45451 | Elf:2    | Found a runed translucent gate.
 45451 | Elf:2    | Found a runed translucent gate.
 45738 | Elf:2    | Paralysed by an air elemental for 1 turns
 45742 | Elf:2    | Paralysed by an air elemental for 1 turns
 46361 | Elf:3    | Entered Level 3 of the Elven Halls
 46405 | Elf:3    | Found Yrugg's Jewellery Shop.
 46459 | Elf:3    | Found a magical portal.
 46464 | WizLab   | Entered Wucad Mu's Monastery
 46739 | WizLab   | Found the crystal ball of Wucad Mu {*channel}
 47370 | Elf:3    | Found Rierunusedgh's Magic Scroll Boutique.
 47374 | Elf:3    | Bought a scroll of blinking for 135 gold pieces
 47719 | Elf:3    | Identified the ring of Equilibrium {rF+ rC+ Str+2}
 47879 | Elf:3    | Paralysed by an air elemental for 1 turns
 47885 | Elf:3    | Identified the +3 battleaxe of the Lettuce {speed, rElec
                  | Str-5 Dex+4}
 47943 | Elf:3    | Identified the +4 quarterstaff of Saltpetre {freeze, rF++
                  | rCorr}
 47944 | Elf:3    | Reached skill level 15 in Shields
 47945 | Elf:3    | Identified the +9 great sword "Igeiwuef" {chaos, Will+
                  | Stlth+}
 47952 | Elf:3    | Reached XP level 22. HP: 171/171 MP: 0/0
 47952 | Elf:3    | Identified the +5 spear "Toifebid" {freeze, Str+2}
 47955 | Elf:3    | Reached XP level 23. HP: 176/176 MP: 0/0
 47955 | Elf:3    | Learned a level 7 spell: Spellforged Servitor
 47959 | Elf:3    | Identified the staff "Suqub" {rElec rN++ Int+2 Air}
 47966 | Elf:3    | Identified the +1 leather armour "Roryn" {rC+ Str+3 Int+8}
 47979 | Elf:3    | Identified the +1 scale mail of Vequg {rN+}
 48308 | Elf:3    | Identified the +0 pair of boots "Zoziafa" {Dex+4}
 48378 | Elf:3    | Identified the staff of Poitti {^Fragile rPois rN++ Str+3
                  | Int+2 Alchemy}
 48383 | Elf:3    | Identified the staff "Zoedac" {Fly rN+ Str+5 Dex-4 Necro}
 48985 | Vaults:1 | Entered Level 1 of the Vaults
 50731 | Vaults:2 | Noticed Saint Roka
 50734 | Vaults:2 | Killed Saint Roka
 51047 | Vaults:2 | Found a staircase to the Crypt.
 51473 | Vaults:2 | Identified the +5 kite shield "Ylafih" {SInv}
 51473 | Vaults:2 | Noticed Asterion
 51475 | Vaults:2 | Killed Asterion
 51686 | Vaults:2 | Found Mosm's Antique Weapon Emporium.
 51693 | Vaults:2 | Bought a faintly glowing war axe for 170 gold pieces
 51693 | Vaults:2 | Identified the +0 war axe of Xidiffoc {vamp, rElec} (You
                  | bought it in a shop on level 2 of the Vaults)
 51706 | Vaults:2 | Reached XP level 24. HP: 189/189 MP: 0/0
 51841 | Vaults:2 | Found the +9 sword of Power {lifebolt}
 52296 | Vaults:2 | Identified the amulet "Ceaseg" {Reflect -Cast Fly rF- Dex+9
                  | SH+5}
 53947 | Vaults:3 | Found a transporter.
 53949 | Vaults:3 | Identified the orb "Kymaq" {light, rN+++ Regen+ MP-9 Dex-2}
 53949 | Vaults:3 | Noticed Frederick
 53952 | Vaults:3 | Killed Frederick
 53970 | Vaults:3 | Found a transporter.
 54301 | D:14     | You paid a toll of a +4 demon trident to enter a treasure
                  | trove
 54302 | Trove    | Entered a treasure trove
 54302 | Trove    | Found the +5 glaive of the Guard {elec, spectral}
 54319 | Trove    | Identified the +0 leather armour "Zaatal" {*Slow +Inv rF+
                  | Str+2}
 55673 | Vaults:4 | Found a runed translucent gate.
 55673 | Vaults:4 | Found a runed translucent gate.
 55673 | Vaults:4 | Found a runed translucent gate.
 55673 | Vaults:4 | Noticed Antoec's ghost (adept VSBr)
 55747 | Vaults:4 | Found a huge runed translucent gate.
 55747 | Vaults:4 | Found a huge runed translucent gate.
 55748 | Vaults:4 | Found a huge runed translucent gate.
 55749 | Vaults:4 | Found a huge runed translucent gate.
 55750 | Vaults:4 | Found a huge runed translucent gate.
 55793 | Vaults:4 | Found a huge runed translucent gate.
 55794 | Vaults:4 | Found a huge runed translucent gate.
 55795 | Vaults:4 | Found a huge runed translucent gate.
 55796 | Vaults:4 | Found a huge runed translucent gate.
 55796 | Vaults:4 | Found a huge runed translucent gate.
 55796 | Vaults:4 | Found a huge runed translucent gate.
 55796 | Vaults:4 | Found a huge runed translucent gate.
 55796 | Vaults:4 | Found a huge runed translucent gate.
 55796 | Vaults:4 | Found a huge runed translucent gate.
 55796 | Vaults:4 | Found a huge runed translucent gate.
 55801 | Vaults:4 | Found a huge runed translucent gate.
 55802 | Vaults:4 | Found a huge runed translucent gate.
 55803 | Vaults:4 | Found a huge runed translucent gate.
 55803 | Vaults:4 | Found a huge runed translucent gate.
 55805 | Vaults:4 | Found a huge runed translucent gate.
 55806 | Vaults:4 | Found a huge runed translucent gate.
 55807 | Vaults:4 | Found a huge runed translucent gate.
 55808 | Vaults:4 | Found a huge runed translucent gate.
 55808 | Vaults:4 | Found a huge runed translucent gate.
 55812 | Vaults:4 | Found a huge runed translucent gate.
 55813 | Vaults:4 | Found a huge runed translucent gate.
 55814 | Vaults:4 | Found a huge runed translucent gate.
 55814 | Vaults:4 | Found a huge runed translucent gate.
 55816 | Vaults:4 | Found a huge runed translucent gate.
 55817 | Vaults:4 | Found a huge runed translucent gate.
 55818 | Vaults:4 | Found a huge runed translucent gate.
 55819 | Vaults:4 | Found a huge runed translucent gate.
 55819 | Vaults:4 | Found a huge runed translucent gate.
 55824 | Vaults:4 | Found a huge runed translucent gate.
 55825 | Vaults:4 | Found a huge runed translucent gate.
 55825 | Vaults:4 | Found a huge runed translucent gate.
 56057 | Depths:1 | Entered Level 1 of the Depths
 56070 | Depths:1 | Reached XP level 25. HP: 170/198 MP: 0/0
 56070 | Depths:1 | Learned a level 9 spell: Chain Lightning
 56275 | Depths:1 | Found a shimmering altar of Xom.
 56277 | Depths:1 | Found a shimmering altar of Xom.
 56277 | Depths:1 | Found a shimmering altar of Xom.
 56496 | Depths:1 | Found a gateway to Hell.
 56560 | Depths:1 | Found a shimmering altar of Xom.
 56562 | Depths:1 | Found a shimmering altar of Xom.
 56685 | Depths:1 | Found Duraiph's Jewellery Shoppe.
 56685 | Depths:1 | Found Ucwoabec's Book Boutique.
 56687 | Depths:1 | Found Peoliq's Book Boutique.
 57280 | Depths:2 | Found Yphij's General Store.
 57302 | Depths:2 | Bought 2 potions of heal wounds for 130 gold pieces
 57654 | Depths:2 | Found a one-way gateway to a ziggurat.
 57654 | Depths:2 | You are sucked into a shaft and drop 1 floor!
 57729 | Depths:2 | Identified the +8 war axe of Muko {flame, Dex+2 Stlth+}
 57892 | Depths:2 | Found a one-way gate leading to the halls of Pandemonium.
 59073 | Depths:3 | Found the +10 zealot's sword {holy, Zealotry, *Rage rN+
                  | EV+3}
 59137 | Depths:3 | Noticed a juggernaut
 59138 | Depths:3 | Noticed an ancient lich
 59140 | Depths:3 | Noticed a caustic shrike
 59295 | Depths:3 | Reached XP level 26. HP: 207/207 MP: 0/0
 59295 | Depths:3 | Reached XP level 27. HP: 213/213 MP: 0/0
 59295 | Depths:3 | Learned a level 9 spell: Dragon's Call
 59386 | Depths:3 | Noticed a juggernaut
 59445 | Depths:3 | Found a one-way gate to the infinite horrors of the Abyss.
 59514 | Depths:3 | Killed a juggernaut
 59586 | Depths:3 | Identified the +7 flail "Pozeamek" {elec, rElec rF+ rC+}
 59790 | Depths:3 | Killed an ancient lich
 59792 | Depths:3 | Killed a juggernaut
 59837 | Depths:3 | Identified the amulet "Pesiusm" {Faith rElec rN++ Str-5
                  | Dex+3}
 60240 | Vaults:3 | Identified the ring "Sinwoud" {Fly AC+4 Int+2}
 60683 | Depths:4 | Entered Level 4 of the Depths
 61024 | Depths:4 | Noticed a juggernaut
 61028 | Depths:4 | Killed a juggernaut
 61029 | Depths:4 | Reached skill level 27 in Fire Magic
 61412 | Depths:4 | Found a white marble altar of Elyvilon.
 61507 | Depths:4 | Found a viscous altar of Jiyva.
 61588 | Depths:4 | Identified the +1 cloak of Ykleqisch {Dex+6}
 62436 | Depths:4 | Found a gate to the Realm of Zot.
 63263 | Vaults:4 | Killed Antoec's ghost
 64088 | Elf:2    | Identified the blade talisman of Polish {rPois rCorr Dex+6}
 64319 | Elf:2    | Bought a potion of heal wounds for 85 gold pieces
 64319 | Elf:2    | Bought a potion of might for 68 gold pieces
 64319 | Elf:2    | Bought 2 potions of curing for 102 gold pieces
 64319 | Elf:2    | Bought a potion of haste for 170 gold pieces
 64319 | Elf:2    | Bought a potion of curing for 51 gold pieces
 64319 | Elf:2    | Bought a potion of mutation for 136 gold pieces
 64354 | Elf:3    | Bought a scroll of teleportation for 54 gold pieces
 64354 | Elf:3    | Bought a scroll of teleportation for 54 gold pieces
 64354 | Elf:3    | Bought a scroll of revelation for 135 gold pieces
 64484 | Orc:2    | Bought a potion of curing for 48 gold pieces
 64623 | D:8      | Bought a potion of curing for 48 gold pieces
 64623 | D:8      | Bought a potion of curing for 48 gold pieces
 64623 | D:8      | Bought a potion of curing for 48 gold pieces
 64823 | Snake:3  | Bought a manual of Axes for 880 gold pieces
 65079 | Depths:2 | Bought a scroll of enchant armour for 97 gold pieces
 65246 | D:10     | Acquired 1246 gold pieces
 65401 | Slime:1  | Entered Level 1 of the Pits of Slime
 65407 | Slime:1  | Reached skill level 1 in Axes
 66360 | Slime:3  | Reached skill level 5 in Axes
 67047 | Slime:5  | Entered Level 5 of the Pits of Slime
 67348 | Slime:5  | Noticed the Royal Jelly
 67879 | Slime:5  | Killed the Royal Jelly
 67967 | Slime:5  | Identified the ring "Hauwnutixt" {^Contam rPois rF+ rCorr
                  | SInv}
 67970 | Slime:5  | Identified the +8 trident of Xulota {chaos, rPois Str+3}
 67988 | Slime:5  | Identified the ring "Yrhele" {rPois rCorr Int+2}
 67990 | Slime:5  | Identified the +5 spear of the Nurturing Oracle {venom, rC+
                  | Str+3 Stlth-}
 68280 | Slime:5  | Identified the +3 sling of Evil {heavy, Fly rCorr}
 68288 | Slime:5  | Got a slimy rune of Zot
 69261 | Vaults:5 | Entered Level 5 of the Vaults
 69270 | Vaults:5 | Noticed an ancient lich
 69275 | Vaults:5 | Killed an ancient lich
 69285 | Vaults:5 | Reached skill level 10 in Axes
 69302 | Vaults:5 | Noticed a dread lich
 69377 | Vaults:4 | You are sucked into a shaft and drop 1 floor!
 69728 | Vaults:5 | Paralysed by a dread lich for 5 turns
 69736 | Vaults:5 | Killed a dread lich
 69954 | Vaults:5 | Identified the amulet of the Ancients {Acrobat Rampage
                  | Regen+ Str-5 Dex+5}
 69997 | Vaults:5 | Reached skill level 27 in Necromancy
 70108 | Vaults:5 | Identified the +2 spear "Iphail" {flame, rC+}
 70639 | Vaults:5 | Identified the +0 sling "Bulahea" {freeze, rF+}
 71121 | Vaults:5 | Got a silver rune of Zot
 72705 | Zot:1    | Entered Level 1 of the Realm of Zot
 73928 | Zot:1    | Identified the +4 chain mail "Menkaisu" {Int+4}
 75095 | Zot:2    | Found the +4 dragonskin cloak
 75095 | Zot:2    | Identified the ring of Dishonesty {*Corrode rPois rF+ MP+9
                  | Int+4}
 75095 | Zot:2    | Noticed Tiamat
 75136 | Zot:2    | Killed Tiamat
 75434 | Zot:2    | Identified the amulet "Zotoaxos" {Faith rN++}
 75490 | Zot:2    | Identified the staff "Roekkavu" {Air Earth}
 75499 | Zot:2    | Identified the amulet of Ufuop {Faith SInv}
 75509 | Zot:2    | Identified the staff of Patience {Will++ Ice Earth}
 75978 | Zot:3    | Noticed an orb of fire
 76000 | Zot:3    | Killed an orb of fire
 78006 | Zot:5    | Entered Level 5 of the Realm of Zot
 78006 | Zot:5    | Noticed a Killer Klown
 78008 | Zot:5    | Killed a Killer Klown
 78015 | Zot:5    | Identified the ring "Mauvys Sema" {+Blink AC+4}
 79094 | Zot:5    | Noticed a dread lich
 79098 | Zot:5    | Killed a dread lich
 79357 | Zot:5    | Noticed an orb of fire
 79802 | Zot:5    | Noticed an orb of fire
 79811 | Zot:5    | Noticed an orb of fire
 79817 | Zot:5    | Killed an orb of fire
 79823 | Zot:5    | Killed an orb of fire
 79834 | Zot:5    | Killed an orb of fire
 79997 | Zot:5    | Noticed an orb of fire
 79998 | Zot:5    | Gained mutation: You are weak. (Str -2) [an orb of fire]
 80002 | Zot:5    | Killed an orb of fire
 80066 | Zot:5    | Noticed a Killer Klown
 80067 | Zot:5    | Killed a Killer Klown
 80334 | Zot:5    | Noticed an orb of fire
 80339 | Zot:5    | Killed an orb of fire
 80340 | Zot:5    | Reached skill level 27 in Spellcasting
 80340 | Zot:5    | Reached skill level 27 in Conjurations
 80340 | Zot:5    | Reached skill level 27 in Hexes
 80340 | Zot:5    | Reached skill level 27 in Summonings
 80340 | Zot:5    | Reached skill level 27 in Translocations
 80340 | Zot:5    | Reached skill level 27 in Ice Magic
 80340 | Zot:5    | Reached skill level 27 in Air Magic
 80340 | Zot:5    | Reached skill level 27 in Earth Magic
 80340 | Zot:5    | Reached skill level 27 in Alchemy
 80340 | Zot:5    | Noticed a Killer Klown
 80343 | Zot:5    | Killed a Killer Klown
 80344 | Zot:5    | Noticed an orb of fire
 80346 | Zot:5    | Noticed an orb of fire
 80348 | Zot:5    | Gained mutation: You are clumsy. (Dex -2) [an orb of fire]
 80349 | Zot:5    | Killed an orb of fire
 80350 | Zot:5    | Killed an orb of fire
 80354 | Zot:5    | Noticed a Killer Klown
 80357 | Zot:5    | Killed a Killer Klown
 80358 | Zot:5    | Noticed a Killer Klown
 80362 | Zot:5    | Killed a Killer Klown
 80438 | Zot:5    | Noticed an ancient lich
 80443 | Zot:5    | Killed an ancient lich
 80577 | Zot:5    | Identified the death talisman of the Cursing Gods {SInv
                  | Stlth+}
 81823 | D:10     | Acquired a manual of Unarmed Combat
 81992 | Zig:1    | Entered Level 1 of a ziggurat
 82010 | Zig:2    | Entered Level 2 of a ziggurat
 82045 | Zig:3    | Entered Level 3 of a ziggurat
 82072 | Zig:4    | Entered Level 4 of a ziggurat
 82089 | Zig:4    | Identified the staff of the Ghost {rF+ rC+ Int+2 SInv Fire}
 82099 | Zig:5    | Entered Level 5 of a ziggurat
 82123 | Zig:5    | Identified the +1 leather armour of the Valley {Str+3}
 82130 | Zig:6    | Entered Level 6 of a ziggurat
 82150 | Zig:6    | Identified the +5 mace "Kourhah" {freeze, Will++}
 82161 | Zig:7    | Entered Level 7 of a ziggurat
 82229 | Zig:8    | Entered Level 8 of a ziggurat
 82248 | Zig:8    | Identified the +5 dagger of Growth {drain, rPois rF+}
 82273 | Zig:9    | Entered Level 9 of a ziggurat
 82329 | Zig:9    | Identified the +0 morningstar of Ravage {flame, rC- Will+
                  | Int+5 SInv}
 82333 | Zig:9    | Identified the +8 war axe of the Salmon {freeze, rN+++
                  | Str+6 SInv}
 82341 | Zig:10   | Entered Level 10 of a ziggurat
 82394 | Zig:10   | Identified the +0 robe "Lautoizxuo" {Rampage Str-2 Dex+3
                  | Archmagi}
 82400 | Zig:11   | Entered Level 11 of a ziggurat
 82413 | Zig:11   | Reached skill level 27 in Fighting
 82430 | Zig:11   | Identified the +8 morningstar "Exzip" {antimagic, rC- Dex+5
                  | Stlth+}
 82464 | Zig:12   | Entered Level 12 of a ziggurat
 82500 | Zig:12   | Identified the staff of Inconvenience {rC+ Int+3 Fire Ice}
 82502 | Zig:12   | Identified the staff "Haorroeq" {rElec rF+ Str+3 Dex+2
                  | Stlth+ Air}
 82525 | Zig:13   | Entered Level 13 of a ziggurat
 82590 | Zig:13   | Identified the orb of Wu Jian's Castigation {*Rage, rCorr}
 82600 | Zig:13   | Identified the staff "Earthworm" {rN+ Dex+3 Necro}
 82610 | Zig:14   | Entered Level 14 of a ziggurat
 82631 | Zig:14   | Reached skill level 15 in Dodging
 82675 | Zig:14   | Identified the amulet "Foopt" {rC+ Regen+}
 82701 | Zig:15   | Entered Level 15 of a ziggurat
 82712 | Zig:15   | Reached skill level 1 in Evocations
 82723 | Zig:15   | Reached skill level 5 in Evocations
 82758 | Zig:15   | Identified the +5 arbalest "Imarphy" {antimagic, Str+8}
 82770 | Zig:15   | Identified the ring "Lebbid" {rF+ rN++ MP+9 Int+3}
 82774 | Zig:15   | Identified the +0 scimitar "Bocoe" {freeze, Will++ Int+3}
 82783 | Zig:16   | Entered Level 16 of a ziggurat
 82936 | Zig:16   | Identified the ring "Voimovieh" {Fly rCorr}
 82958 | Zig:16   | Identified the +4 scimitar of Destiny {heavy, rC+ rN+
                  | Str+6}
 82965 | Zig:16   | Identified the +2 leather armour of the Lair of Beasts
                  | {rF+}
 82974 | Zig:17   | Entered Level 17 of a ziggurat
 82998 | Zig:17   | Reached skill level 10 in Evocations
 83061 | Zig:18   | Entered Level 18 of a ziggurat
 83071 | Zig:18   | Noticed a Killer Klown
 83073 | Zig:18   | Noticed Tubialerch the pandemonium lord
 83073 | Zig:18   | Noticed Eciwiss the pandemonium lord
 83075 | Zig:18   | Killed a Killer Klown
 83077 | Zig:18   | Killed Tubialerch the pandemonium lord
 83077 | Zig:18   | Killed Eciwiss the pandemonium lord
 83077 | Zig:18   | Noticed Geywnub the pandemonium lord
 83079 | Zig:18   | Noticed Tayner the pandemonium lord
 83081 | Zig:18   | Killed Geywnub the pandemonium lord
 83081 | Zig:18   | Killed Tayner the pandemonium lord
 83081 | Zig:18   | Noticed a Killer Klown
 83083 | Zig:18   | Noticed Zelenk the pandemonium lord
 83083 | Zig:18   | Noticed a Killer Klown
 83085 | Zig:18   | Killed a Killer Klown
 83085 | Zig:18   | Killed a Killer Klown
 83086 | Zig:18   | Killed Zelenk the pandemonium lord
 83089 | Zig:18   | Noticed a Killer Klown
 83092 | Zig:18   | Killed a Killer Klown
 83122 | Zig:18   | Identified the +0 chain mail of the Dull Grue {Will+}
 83139 | Zig:18   | Identified the +5 dire flail of Causality {elec, Str+3}
 83145 | Zig:18   | Identified the +7 whip of Ruycox {antimagic, ^Fragile rElec
                  | rN++ Int+2}
 83151 | Zig:18   | Identified the staff of Plague {rC+ Str+3 Dex+4 SInv Ice}
 83152 | Zig:18   | Identified the +4 glaive of Jyonurol {holy, *Corrode +Blink
                  | rN+++ Dex+3}
 83156 | Zig:18   | Identified the +6 morningstar "Plojy" {speed, rPois rC+
                  | rCorr Str-2}
 83163 | Zig:19   | Entered Level 19 of a ziggurat
 83173 | Zig:19   | Noticed a dread lich
 83175 | Zig:19   | Killed a dread lich
 83258 | Zig:19   | Identified the ring of Wyonkym {rPois rC- rN++ Will+ Slay+6
                  | Stlth-}
 83261 | Zig:19   | Identified the ring "Asugubao" {Fly rPois rC+ Str+6 SInv}
 83268 | Zig:19   | Identified the +9 long sword of Slimy Trial by Ordeal
                  | {spect, rPois Will- Dex+6}
 83286 | Zig:20   | Entered Level 20 of a ziggurat
 83472 | Zig:20   | Identified the amulet "Umymirrupo" {+Inv rF+ Regen+}
 83496 | Zig:20   | Identified the amulet of Lucidity {Acrobat Rampage rPois
                  | Str-4}
 83509 | Zig:21   | Entered Level 21 of a ziggurat
 83610 | Zig:21   | Identified the ring "Fode" {Ice rElec SInv}
 83616 | Zig:21   | Identified the staff of Perversion {rC+ Will+ Ice}
 83623 | Zig:21   | Identified the +6 demon blade "Wofuushro" {venom, Str+4}
 83632 | Zig:21   | Identified the +5 scale mail "Vaowu" {Int+5}
 83644 | Zig:22   | Entered Level 22 of a ziggurat
 83684 | Zig:22   | Reached skill level 10 in Armour
 83836 | Zig:22   | Identified the +3 leather armour "Toinn" {+Inv rElec rC-}
 83840 | Zig:22   | Identified the +10 dagger of the Sun {flame, *Corrode
                  | Str+5}
 83850 | Zig:22   | Identified the ring of Zodeid {rC+ MP+9 Int+4}
 83852 | Zig:22   | Identified the +7 battleaxe of the Forest {flame, rF+}
 83857 | Zig:22   | Identified the staff of Ogics {rElec MP+9 Air}
 83858 | Zig:22   | Identified the +4 spear "Leotazex" {spect, ^Contam rElec
                  | rF+}
 83866 | Zig:22   | Identified the ring "Odwan" {EV+5 Int+2 Slay+3}
 83881 | Zig:23   | Entered Level 23 of a ziggurat
 83899 | Zig:23   | Reached skill level 15 in Evocations
 83936 | Zig:23   | Found the +8 demon trident "Rift" {distort, reach+}
 83942 | Zig:23   | Identified the +0 falchion "Ubuop" {heavy, Dex+3}
 83949 | Zig:23   | Identified the staff "Niles" {rF+ rCorr Earth}
 83976 | Zig:23   | Identified the ring "Sorimeca" {MP+9 Stlth+}
 83994 | Zig:24   | Entered Level 24 of a ziggurat
 84070 | Zig:24   | Found the +3 giant club "Skullcrusher" {speed, Str+7}
 84080 | Zig:24   | Identified the ring of Pimix {rElec Int-4 Slay+4 Stlth+}
 84089 | Zig:24   | Identified the +0 ring mail of Truth {rCorr Int-2 Dex+5}
 84101 | Zig:24   | Identified the +6 arbalest "Blob" {drain, ^Drain rPois rF-
                  | Stlth+}
 84107 | Zig:24   | Identified the staff of the Moth {rElec Will++ MP-9 Conj
                  | Necro Air}
 84112 | Zig:24   | Identified the amulet "Vuitwuoj" {RegenMP Dex+3}
 84121 | Zig:24   | Identified the +11 glaive of Biotiz {holy, rElec rPois
                  | Will+}
 84149 | Zig:25   | Entered Level 25 of a ziggurat
 84166 | Zig:25   | Noticed a dread lich
 84169 | Zig:25   | Killed a dread lich
 84175 | Zig:25   | Noticed an ancient lich
 84177 | Zig:25   | Noticed a dread lich
 84178 | Zig:25   | Killed an ancient lich
 84183 | Zig:25   | Noticed an ancient lich
 84184 | Zig:25   | Noticed a dread lich
 84185 | Zig:25   | Killed a dread lich
 84185 | Zig:25   | Killed a dread lich
 84185 | Zig:25   | Noticed an ancient lich
 84186 | Zig:25   | Killed an ancient lich
 84187 | Zig:25   | Killed an ancient lich
 84187 | Zig:25   | Noticed a dread lich
 84190 | Zig:25   | Killed a dread lich
 84194 | Zig:25   | Noticed a dread lich
 84197 | Zig:25   | Killed a dread lich
 84197 | Zig:25   | Noticed an ancient lich
 84200 | Zig:25   | Killed an ancient lich
 84226 | Zig:25   | Found the ring of the Tortoise {AC+8}
 84232 | Zig:25   | Identified the +0 leather armour of the Stone Wall {rC+}
 84233 | Zig:25   | Identified the blade talisman of the Imp {Str-4 Dex+3
                  | Stlth+}
 84277 | Zig:26   | Entered Level 26 of a ziggurat
 84423 | Zig:26   | Identified the +10 war axe of the Disturbing Visions
                  | {flame, Int+3}
 84447 | Zig:26   | Identified the ring of the Evening {*Corrode rPois Str-3
                  | Int+10 Slay+4}
 84464 | Zig:26   | Identified the +0 leather armour of Lime {Harm rPois}
 84468 | Zig:26   | Acquired the scarf "Leithepu" {repulsion, Stlth+}
 84471 | Zig:26   | Identified the amulet "Reagguuj" {Regen+ Str+5}
 84474 | Zig:26   | Identified the ring of Beotuneg {Fire Fly Stlth+}
 84477 | Zig:26   | Identified the staff "Tormentor" {rC+ Str+3 Int+5 Ice}
 84511 | Zig:27   | Entered Level 27 of a ziggurat
 84535 | Zig:27   | Reached skill level 27 in Shields
 84545 | Zig:27   | Reached skill level 15 in Armour
 84581 | Zig:27   | Found the +10 tower shield of Ignorance {rN+ Int-4}
 84613 | Zig:27   | Identified the +6 flail "Quca" {protect, rElec rF+ rC+
                  | Int+2}
 84634 | Zig:27   | Identified the ring "Poosuat" {rPois rC+}
 84639 | Zig:27   | Identified the staff "Undertaker" {Int+4 Earth}
 84640 | Zig:27   | Identified the +9 sling of Okawaru's Regard {drain, Int+2}
 84641 | Zig:27   | Identified the +9 quarterstaff "Alounymm" {heavy, *Corrode
                  | rC+ Will+ Str+3}
 84644 | Zig:27   | Identified the staff "Duquabb" {rC+ Stlth+ Ice}
 84853 | D:10     | Lost mutation: You are clumsy. (Dex -2) [potion of
                  | mutation]
 84853 | D:10     | Lost mutation: You are weak. (Str -2) [potion of mutation]
 85021 | Temple   | Fell from the grace of Makhleb
 85021 | Temple   | Became a worshipper of the Shining One
 85295 | Crypt:1  | Entered Level 1 of the Crypt
 85486 | Crypt:1  | Reached * piety under the Shining One
 85671 | Crypt:1  | Reached ** piety under the Shining One
 86080 | Crypt:2  | Reached *** piety under the Shining One
 86091 | Crypt:2  | Noticed Donald
 86093 | Crypt:2  | Killed Donald
 86104 | Crypt:2  | Reached **** piety under the Shining One
 86106 | Crypt:2  | Noticed Zenata
 86108 | Crypt:2  | Killed Zenata
 86125 | Crypt:2  | Reached ***** piety under the Shining One
 86283 | Crypt:2  | Identified the +11 short sword "Ziseplet" {venom, rPois
                  | rF+}
 86805 | Crypt:3  | Entered Level 3 of the Crypt
 87084 | Crypt:3  | Noticed Sojobo
 87084 | Crypt:3  | Reached ****** piety under the Shining One
 87086 | Crypt:3  | Killed Sojobo
 87567 | Crypt:3  | Identified the +2 cloak of Lugonu's Vengeance {*Slow rF+
                  | Int+3}
 87813 | Crypt:3  | Identified the staff of Grace {rElec rN+ Str+4 Air}
 87865 | Crypt:3  | Found a staircase to the Tomb.
 87865 | Crypt:3  | Noticed Jory
 87869 | Crypt:3  | Killed Jory
 88886 | Tomb:1   | Entered Level 1 of the Tomb of the Ancients
 88895 | Tomb:1   | Noticed a royal mummy
 88896 | Tomb:1   | Noticed a royal mummy
 88951 | Tomb:1   | Reached skill level 1 in Long Blades
 89187 | Tomb:1   | Noticed a royal mummy
 89192 | Tomb:1   | Killed a royal mummy
 89193 | Tomb:1   | Reached skill level 5 in Long Blades
 89657 | Tomb:1   | Noticed a royal mummy
 89661 | Tomb:1   | Killed a royal mummy
 90150 | Tomb:2   | Noticed a royal mummy
 90152 | Tomb:2   | Killed a royal mummy
 90156 | Tomb:2   | Noticed a royal mummy
 90158 | Tomb:2   | Noticed a royal mummy
 90159 | Tomb:2   | Noticed a royal mummy
 90160 | Tomb:2   | Reached skill level 10 in Long Blades
 90161 | Tomb:2   | Killed a royal mummy
 90164 | Tomb:2   | Killed a royal mummy
 90250 | Tomb:2   | Killed a royal mummy
 90449 | Tomb:2   | Was forgiven by Makhleb
 90704 | Tomb:1   | Noticed a royal mummy
 90704 | Tomb:1   | Noticed a royal mummy
 90704 | Tomb:1   | Noticed a royal mummy
 90704 | Tomb:1   | Noticed a royal mummy
 90707 | Tomb:1   | Noticed a royal mummy
 90708 | Tomb:1   | Killed a royal mummy
 90708 | Tomb:1   | Killed a royal mummy
 90709 | Tomb:1   | Killed a royal mummy
 90709 | Tomb:1   | Noticed a royal mummy
 90710 | Tomb:1   | Killed a royal mummy
 90710 | Tomb:1   | Noticed a royal mummy
 90711 | Tomb:1   | Killed a royal mummy
 90711 | Tomb:1   | Killed a royal mummy
 90711 | Tomb:1   | Noticed a royal mummy
 90713 | Tomb:1   | Killed a royal mummy
 90713 | Tomb:1   | Noticed a royal mummy
 90715 | Tomb:1   | Killed a royal mummy
 90715 | Tomb:1   | Killed a royal mummy
 90716 | Tomb:1   | Killed by arc of chain lightning

Illustrated notes

Levels and vault maps discovered:
D:1:      roderic_octagonal_star, layout_basic, minmay_misc_feat_plants
D:2:      layout_basic, basic_altar,
          hellmonk_ecumenical_altar_the_god_not_taken, minmay_3d_cube
D:3:      layout_loops_ring, uniq_robin
D:4:      layout_cave_pools
D:5:      layout_cave_pools, grunt_temple_overflow_growth_and_decay,
          minmay_temple_entry_overgrown
D:6:      layout_loops_ring
D:7:      layout_layer_cave, enter_bailey_2, enter_ossuary_5,
          uniq_crazy_yiuf_cottage, uniq_duvessa, uniq_joseph
D:8:      layout_basic, serial_shops, nicolae_shop_just_a_little_nook,
          kennysheep_dice, uniq_maggie
D:9:      layout_stronghold, david_orc_5, minmay_fire_ice_demons
D:10:     layout_loops_ring, grunt_temple_overflow_champion_of_chaos,
          minmay_lair_entry_grove, gammafunk_ghost_ooze, minmay_misc_feat_alley,
          uniq_sonja
D:11:     layout_basic
D:12:     layout_loops_cross, uniq_psyche, uniq_frances
D:13:     regret_index_wax_grids, layout_stronghold, lightli_wizard_tower,
          uniq_rupert
D:14:     layout_loops_ring, erik_vaults_2, nicolae_trove_entry_path_of_doom,
          serial_glass, glass_columns_b, glass_columns_c, special_room
          [special_room_mythical_zoo], gammafunk_ghost_hive, serial_bayou_pond_d
D:15:     grunt_enter_depths_magical_seal, layout_long_grid,
          nicolae_vehumet_altar_sigil, nicolae_nh_oracle_at_delphi
Temple:   eino_narrow_crystal_temple
Lair:1:   layout_regular_city, grunt_megastairs_2, uniq_nergalle
Lair:2:   layout_regular_city, dummy_snake_entry, portal_ice_cave_demonic_guard,
          chequers_serial_rivers_large_b, minivault_23, beast_lair_carwin_10,
          infiniplex_staircase_pool
Lair:3:   layout_roguey [special_room_bee], palyth_hydra_swamp_entry,
          minmay_lair_oklob_items, kennysheep_rathole, lemuel_fruit_tree,
          grunt_megastairs_4, lemuel_fruit_fields
Lair:4:   layout_concentric_octagons, minmay_lair_oklob_bushes
Lair:5:   minmay_lair_end_enchanted_forest, layout_gridlike,
          minmay_slime_entry_oklob_enclosed
Swamp:1:  layout_falls_marsh, evilmike_swamp_ruin_rubble_1, swamp_pool_4,
          beargit_elvish_explorers
Swamp:2:  layout_falls_marsh, evilmike_swamp_ruin_wall, nicolae_swamp_big_swirl,
          nicolae_swamp_decorative_isthmus
Swamp:3:  layout_basic_swamp, lemuel_altar_in_water, swamp_pool_1_2, uniq_mara,
          uniq_bai_suzhen, uniq_roxanne
Swamp:4:  swamp, layout_basic_swamp
Snake:1:  layout_rooms, serial_shops, nicolae_shop_rolling_square, basic_altar,
          special_room, drop_trap, grunt_megastairs_1, uniq_agnes
Snake:2:  layout_chambers, uniq_azrael, uniq_nikola, uniq_mlioglotl
Snake:3:  hangedman_cross_stitches, layout_gridlike, minmay_shop_star,
          uniq_aizul
Snake:4:  grunt_snake_rune_pools, layout_chambers, nicolae_snake_salamander_fort
Slime:1:  layout_caves
Slime:2:  layout_caves
Slime:3:  layout_caves
Slime:4:  layout_caves
Slime:5:  slime_pit_nicolae_trefoil
Orc:1:    layout_diamond_mine, guppyfry_library_mini
Orc:2:    grunt_orc_gardens, layout_caves, grunt_orc_garden, grunt_orc_garden,
          grunt_orc_garden, grunt_orc_garden, minmay_orc_keep, uniq_josephine
Elf:1:    eino_elf_arrival_customs, layout_loops_cross,
          nicolae_elf_blasts_and_bolts, minmay_elf_necromancy,
          grunt_megastairs_5
Elf:2:    nicolae_elf_blades_crystal_corner, layout_geoelf_diagonals,
          serial_shops, shop
Elf:3:    minmay_elf_hall_not_hex, layout_geoelf_octagon, serial_shops, shop,
          shop, infiniplex_enter_wizlab_spiral
Vaults:1: nicolae_vaults_diffraction_hallways, nicolae_vaults_sesquioval_fish,
          v_misc_1, nicolae_vaults_trapezoid_lopsided_3, ontoclasm_vaults_twist,
          nicolae_vaults_closet_pinwheel_5, v_misc_2, vaults_standard_mumra_x,
          nicolae_vaults_apartment_2, nicolae_vaults_three_branches,
          layout_vaults_big_room
Vaults:2: vaults_standard_mumra_enter_the_diamond,
          nicolae_vaults_door_testing_chamber, nicolae_vaults_shelves_hall,
          minmay_guarded_unrand_sword_of_power,
          nicolae_vaults_network_quinsquares
          [nicolae_vaults_network_quincunx_subvault,
          nicolae_vaults_network_quincunx_subvault,
          nicolae_vaults_network_quincunx_subvault,
          nicolae_vaults_network_quincunx_subvault], ontoclasm_vaults_ligature,
          nicolae_vaults_trapezoid_lopsided_1,
          nicolae_vaults_trapezoid_lopsided_1, nicolae_vaults_tetromino_L_2,
          nicolae_vaults_heist, v_misc_17, layout_vaults_quadrants,
          serial_shops, shop, uniq_saint_roka, uniq_asterion
Vaults:3: v_misc_8, hangedman_vaults_hat, nicolae_vaults_storage_room_statues,
          v_pattern_3, gammafunk_the_bubble [the_bubble_gammafunk_grid],
          nicolae_vaults_layer_cake_slice, hangedman_vaults_snaps, v_misc_30,
          ontoclasm_vaults_spin, nicolae_vaults_little_squares_2,
          nicolae_vaults_oval_intersection, nicolae_vaults_asterisk,
          layout_vaults_big_cross, uniq_frederick
Vaults:4: gammafunk_ghost_split, nicolae_vaults_shrinking_rooms_2,
          nicolae_vaults_network_s, ontoclasm_vaults_tryst, vaults_room_corners,
          not_door_vault_due, vaults_dpeg_doors, ontoclasm_vaults_ring_large,
          vaults_room_grunt_arrival_ludios, nicolae_vaults_apartment_2,
          nicolae_vaults_prndl, nicolae_vaults_double_plus_2, layout_vaults_maze
Vaults:5: uniq_margery
Crypt:1:  layout_chaotic_city, grunt_ministairs_3, wad_floor_pattern_2
Crypt:2:  layout_basic, nicolae_crypt_lurching_hallway, uniq_zenata, uniq_donald
Crypt:3:  grunt_crypt_end_deaths_head, uniq_sojobo
Tomb:1
Tomb:2
Depths:1: layout_cave_pools, hell_entry, hangedman_decor_riveting,
          eino_small_chamber_without_monster, xom_redecorated, minmay_shop_grove
Depths:2: minmay_the_grid_3x2 [minmay_the_grid_outer_diamond,
          minmay_the_grid_fan, minmay_the_grid_paths, minmay_the_grid_box_x,
          minmay_the_grid_rooms, minmay_the_grid_prize_big_room],
          layout_cave_pools, enter_ziggurat_a, special_room
          [special_room_mythical_zoo], nicolae_concentric_dashed_squares_wild,
          rand_demon_pan_entry_4, serial_shops, nicolae_square_shop, hell_entry
Depths:3: minmay_tile_spiral, layout_gridlike,
          hangedman_abyss_or_decor_lesser_grid, hangedman_tar_grid_catacomb,
          abyss_entry, onia_ninara_dug_in_and_dangerous, uniq_josephina
Depths:4: evilmike_zot_entry_round, layout_long_grid, serial_sigils,
          serial_sigils_hangedman_stare, serial_sigils_hangedman_snap,
          serial_sigils_hangedman_scar, serial_sigils_hangedman_shear,
          serial_sigils_hangedman_scratch, serial_sigils_hangedman_snap,
          hell_entry, elyvilon_altar_5, nicolae_abyss_entry_one_way_or_another,
          special_room [special_room_jelly]
Zot:1:    layout_gridlike, regret_index_zotdec_silver_v_v_orig_slice
Zot:2:    layout_onion_interference, st_stairs_1, st_grand_hoard_of_tiamat
Zot:3:    layout_concentric_octagons, nicolae_zot_crop_circle
Zot:4:    layout_cathedral_of_symmetry, regret_index_zotdec_carving_tricks
Zot:5:    layout_cathedral_of_symmetry

Skill      XL: |  1  2  3  4  5  6  7  8  9 10 11 12 13 14 15 16 17 18 19 20 21 22 23 24 25 26 27 |
---------------+----------------------------------------------------------------------------------+-----
Fighting       | 1 2 3 4 5 6 7 9 10 11 12 13 14 15 16 17 18 20 21 22 27 | 27.0
Spellcasting   | 4 5 6 7 8 9 10 11 14 15 16 17 18 19 20 27 | 27.0
Conjurations   | 4 5 6 7 8 9 10 11 14 15 16 17 18 19 20 27 | 27.0
Hexes          | 4 5 6 7 8 9 10 11 14 15 16 17 18 19 20 27 | 27.0
Summonings     | 4 5 6 7 8 9 10 11 14 15 16 17 18 19 20 27 | 27.0
Necromancy     | 4 5 6 7 8 9 10 11 14 15 16 17 18 19 20 27 | 27.0
Translocations | 4 5 6 7 8 9 10 11 14 15 16 17 18 19 20 27 | 27.0
Fire Magic     | 4 5 6 7 8 9 10 11 14 15 16 17 18 20 22 23 24 27 | 27.0
Ice Magic      | 4 5 6 7 8 9 10 11 14 15 16 17 18 19 20 27 | 27.0
Air Magic      | 4 5 6 7 8 9 10 11 14 15 16 17 18 19 20 27 | 27.0
Earth Magic    | 4 5 6 7 8 9 10 11 14 15 16 17 18 19 20 27 | 27.0
Alchemy        | 4 5 6 7 8 9 10 11 14 15 16 17 18 19 20 27 | 27.0
Dodging        | 4 6 8 9 10 11 12 24 | 24.0
Armour         | 1 3 4 6 7 8 18 | 18.9
Shields        | 1 3 4 6 7 9 11 12 13 15 16 17 27 | 27.0
Invocations    | 1 3 6 7 9 10 11 13 14 15 17 18 | 18.7
Axes           | 14 | 14.0
Evocations     | 15 | 15.0
Long Blades    | 12 | 12.0
Stealth        | |  1.5

Action                     |  1- 3 |  4- 6 |  7- 9 | 10-12 | 13-15 | 16-18 | 19-21 | 22-24 | 25-27 || total
---------------------------+-------+-------+-------+-------+-------+-------+-------+-------+-------++-------
  Melee: Short sword       |       |     1 |       |     6 |     5 |       |       |       |       ||    12
         War axe           |       |       |       |       |       |       |     1 |       |       ||     1
         Staff             |       |       |       |       |       |       |       |       |     3 ||     3
   Cast: Shock             |    75 |   145 |    31 |       |       |       |       |       |       ||   251
         Swiftness         |       |     1 |     1 |     1 |     1 |       |     1 |       |       ||     5
         Airstrike         |       |     3 |    95 |   362 |   482 |     8 |    71 |     6 |    91 ||  1118
         Kiss of Death     |       |     1 |       |       |       |       |       |       |       ||     1
         Momentum Strike   |       |     1 |       |       |       |       |       |       |       ||     1
         Volatile Blastmot |       |       |    11 |    35 |    62 |       |       |       |       ||   108
         Sticky Flame      |       |       |     2 |     8 |    48 |     4 |     1 |       |     2 ||    65
         Anguish           |       |       |       |     3 |     1 |       |       |       |     2 ||     6
         Static Discharge  |       |       |       |     2 |       |       |       |       |       ||     2
         Curse of Agony    |       |       |       |       |     5 |       |       |       |       ||     5
         Plasma Beam       |       |       |       |       |   150 |   562 |   596 |   279 |   804 ||  2391
         Lehudib's Crystal |       |       |       |       |       |       |    13 |    87 |   271 ||   371
         Chain Lightning   |       |       |       |       |       |       |       |       |   766 ||   766
         Spellforged Servi |       |       |       |       |       |       |       |       |    14 ||    14
         Dragon's Call     |       |       |       |       |       |       |       |       |    13 ||    13
         Bombard           |       |       |       |       |       |       |       |       |     2 ||     2
 Invoke: Lesser Servant of |       |       |       |       |     1 |     2 |       |       |     2 ||     5
         Greater Servant o |       |       |       |       |       |       |     2 |       |     1 ||     3
         Divine Shield     |       |       |       |       |       |       |       |       |     3 ||     3
  Evoke: Wand              |       |       |       |       |       |       |       |     1 |     1 ||     2
    Use: Scroll            |       |     6 |     2 |    16 |     5 |     2 |     3 |       |    23 ||    57
         Potion            |       |       |     1 |       |       |       |     1 |     1 |    15 ||    18
 Armour: Robe              |     4 |    16 |    32 |    38 |       |       |       |       |       ||    90
         Troll leather arm |       |       |       |    38 |    94 |   104 |   137 |    21 |   414 ||   808
  Dodge: Dodged            |    10 |    18 |    30 |    57 |    69 |    70 |   108 |    16 |   142 ||   520
  Block: Buckler           |       |       |       |       |    31 |    61 |    67 |     7 |       ||   166
         Kite shield       |       |       |       |       |       |       |       |    27 |   139 ||   166
         Tower shield      |       |       |       |       |       |       |       |       |    10 ||    10
Riposte: War axe           |       |       |       |       |       |     3 |    33 |       |       ||    36
         Staff             |       |       |       |       |       |       |       |    12 |    47 ||    59

Table legend: (Time is in decaauts)
 A = Elapsed time spent in this place.
 B = Non-inter-level travel time spent in this place.
 C = Inter-level travel time spent in this place.
 D = Time resting spent in this place.
 E = Time spent auto-exploring this place.
 F = Levels seen in this place.
 G = Mean time per level.
                   A        B        C        D        E       F      G
               +--------+--------+--------+--------+--------+-----+--------+
         Total |  90969 |  75502 |  15467 |  18870 |  36203 |  90 | 1010.8 |
       Dungeon |  22530 |  15930 |   6600 |   1907 |  10316 |  15 | 1502.0 |
        Temple |     19 |      3 |     16 |      0 |      0 |   1 |   19.0 |
          Lair |  10051 |   8132 |   1919 |    875 |   5478 |   5 | 2010.2 |
         Swamp |   4419 |   4223 |    196 |   1740 |   1776 |   4 | 1104.8 |
     Snake Pit |   8107 |   7278 |    829 |   2136 |   4079 |   4 | 2026.8 |
    Slime Pits |   3520 |   3161 |    359 |    925 |   1611 |   5 |  704.0 |
  Orcish Mines |   2232 |   1842 |    390 |    713 |    839 |   2 | 1116.0 |
   Elven Halls |   5007 |   4269 |    738 |   1316 |   1583 |   3 | 1669.0 |
        Vaults |  10438 |   8318 |   2120 |   2044 |   3735 |   5 | 2087.6 |
         Crypt |   3032 |   2484 |    548 |    309 |   1444 |   3 | 1010.7 |
          Tomb |   1901 |   1820 |     81 |    816 |    206 |   2 |  950.5 |
        Depths |   6251 |   5223 |   1028 |   2002 |   2097 |   4 | 1562.8 |
           Zot |   8403 |   7764 |    639 |   3176 |   2780 |   5 | 1680.6 |
      Ziggurat |   2670 |   2670 |      0 |    411 |     15 |  27 |   98.9 |
         Trove |    159 |    159 |      0 |      0 |     85 |   1 |  159.0 |
       Ossuary |    279 |    279 |      0 |     72 |      0 |   1 |  279.0 |
        Bailey |    459 |    459 |      0 |    116 |     11 |   1 |  459.0 |
      Ice Cave |    990 |    990 |      0 |    171 |     69 |   1 |  990.0 |
        Wizlab |    494 |    494 |      0 |    140 |     79 |   1 |  494.0 |
               +--------+--------+--------+--------+--------+-----+--------+

Top non-repeatable levels by time:
   Zot:5: 3469 daAuts
 Snake:4: 3442 daAuts
    D:10: 3098 daAuts
  Lair:5: 2940 daAuts
Vaults:5: 2936 daAuts
Vaults:1: 2312 daAuts
Depths:4: 2248 daAuts
  Lair:1: 2180 daAuts
    D:13: 2146 daAuts
    D:14: 2127 daAuts
 Snake:3: 2066 daAuts
  Lair:2: 2025 daAuts
     D:3: 1984 daAuts
Vaults:2: 1961 daAuts
   Elf:1: 1887 daAuts
